 Dungeon Crawl Stone Soup version 0.17.1-3-g152610e (webtiles) character file.

216 kaze the Sneak (level 5, 0/26 HPs)
             Began as a Vine Stalker Assassin on Mar 21, 2016.
             Succumbed to a worker ant's poison
             ... on level 4 of the Dungeon.
             The game lasted 00:12:37 (2749 turns).

kaze the Sneak (Vine Stalker Assassin)              Turns: 2749, Time: 00:12:38

Health: 0/26       AC:  5    Str: 14    XL:     5   Next: 93%
Magic:  1/6        EV: 12    Int: 11    God:
Gold:   179        SH:  0    Dex: 16    Spells: 0 memorised, 4 levels left

rFire  . . .     SeeInvis .     a - +2 dagger
rCold  . . .     Clarity  .     G - +0 leather armour
rNeg   . . .     SustAt   .     (no shield)
rPois  .         Gourm    .     (no helmet)
rElec  .         Spirit   +     d - +0 cloak
rCorr  .         Warding  .     (no gloves)
rMut   .         Stasis   .     j - +0 pair of boots
MR     .....                    (no amulet)
Stlth  +++.......               (no ring)
                                (no ring)

@: lethally poisoned (0 -> -14), not resistant to hostile enchantments, fairly
stealthy
A: fangs 2, regeneration 1, magic shield, antimagic bite, no device heal 3, rot
immunity
a: no special abilities


You were on level 4 of the Dungeon.
You were hungry.

You visited 1 branch of the dungeon, and saw 4 of its levels.

You collected 179 gold pieces.

Inventory:

Hand Weapons
 a - a +2 dagger (weapon)
 b - a +0 blowgun
 r - a +0 hunting sling
Missiles
 e - 16 poisoned needles
 f - 2 curare-tipped needles
 t - 81 stones (quivered)
 v - 10 sling bullets
Armour
 d - a +0 cloak (worn)
 j - a +0 pair of boots (worn)
 G - a +0 leather armour (worn)
Jewellery
 F - an uncursed ring of poison resistance {unknown}
Wands
 B - a wand of confusion (31)
 C - a wand of draining (4)
Scrolls
 k - a scroll of immolation {unknown}
 n - 2 scrolls of identify {unknown}
 p - 2 scrolls of fear {unknown}
 s - a scroll of random uselessness {unknown}
 u - a scroll of remove curse
 x - a scroll of enchant weapon {unknown}
 y - 2 scrolls of noise {unknown}
 D - a scroll of magic mapping {unknown}
Potions
 h - a potion of haste {unknown}
 i - 2 potions of curing {unknown}
 l - a potion of cure mutation {unknown}
 m - 2 potions of brilliance {unknown}
 q - a potion of agility {unknown}
 z - a potion of magic {unknown}
 A - a potion of lignification {unknown}
Comestibles
 c - 3 chunks of flesh
 g - 2 bread rations
 o - a fruit
 w - 3 royal jellies
 E - a meat ration


   Skills:
 + Level 2.1 Fighting
 + Level 1.8 Short Blades
 + Level 1.2(2.4) Slings
 + Level 3.1(3.3) Throwing
 + Level 1.7 Dodging
 + Level 6.8 Stealth


You had 4 spell levels left.
You didn't know any spells.

Dungeon Overview and Level Annotations

Branches:
Dungeon (4/15)
 Temple: D:4-7

Altars:
Dithmenos
Elyvilon
Okawaru
Qazlal


Innate Abilities, Weirdness & Mutations

You have extremely sharp teeth.
Your natural rate of healing is unusually fast.
When hurt, damage is shared between your health and your magic reserves.
Your bite disrupts and absorbs the magic of your enemies.
Potions and wands cannot restore your health.
You are immune to rotting.


Message History

You feel sick. The worker ant bites you!
You are lethally poisoned!
The worker ant poisons you!
You hit the worker ant.
The worker ant is moderately wounded.
You feel sick.
The worker ant bites you but does no damage.
You feel sick. The worker ant bites you.
You are more poisoned.
The worker ant poisons you!
Really walk into that teleport trap? [Y]es or [N]o only, please.
Really walk into that teleport trap?
Okay, then.
* * * LOW HITPOINT WARNING * * *
You feel sick. The worker ant bites you.
* * * LOW HITPOINT WARNING * * *
* * * LOW HITPOINT WARNING * * *
You feel sick.
The teleport trap disappears.
The worker ant disappears!
You die...

# #.# #. #..## ..##
....# ... ....
######.###..#####
##...##.....##...##
##.....##...##.....##
#.......#...#.......#
#.......'...@...)(..#
#.......#...#.......#
##.....##...##.....##
##...###...###...##
##### #...# #####
##...###...###...##
##.....##...##.....##
#.......#...#.......#
#.......'...'.......#


There were no monsters in sight!

Vanquished Creatures
  Ijyb (D:2)
  A worker ant (D:4)
  An orc wizard (D:4)
  A worker ant zombie (D:3)
  6 adders
  2 giant geckos (D:3)
  3 orcs
  A ball python (D:2)
  3 giant cockroaches
  12 hobgoblins
  A jackal (D:4)
  8 kobolds
  5 quokkas
  7 bats
  3 giant newts
  6 goblins
  5 rats
66 creatures vanquished.

Vanquished Creatures (others)
  A giant cockroach (D:2)
1 creature vanquished.

Grand Total: 67 creatures vanquished

Notes
Turn   | Place    | Note
--------------------------------------------------------------
     0 | D:1      | kaze the Vine Stalker Assassin began the quest for the Orb.
     0 | D:1      | Reached XP level 1. HP: 11/11 MP: 2/2
    58 | D:1      | Reached skill level 5 in Stealth
   193 | D:1      | Reached XP level 2. HP: 15/15 MP: 3/3
   868 | D:2      | Found a shadowy altar of Dithmenos.
   874 | D:2      | Reached XP level 3. HP: 18/18 MP: 4/4
  1024 | D:2      | Noticed Ijyb
  1038 | D:2      | Killed Ijyb
  1038 | D:2      | Reached skill level 6 in Stealth
  1038 | D:2      | Reached XP level 4. HP: 17/23 MP: 3/5
  1382 | D:2      | Reached skill level 1 in Dodging
  1599 | D:2      | Found a white marble altar of Elyvilon.
  1969 | D:3      | Found an iron altar of Okawaru.
  1990 | D:3      | Found a stormy altar of Qazlal.
  1991 | D:3      | Noticed an air elemental
  1993 | D:3      | Noticed a fire elemental
  1998 | D:3      | Noticed an earth elemental
  2001 | D:3      | Noticed a water elemental
  2158 | D:3      | Reached XP level 5. HP: 21/26 MP: 6/6
  2490 | D:4      | HP: 1/26 [orc wizard/dagger (2)]
  2686 | D:4      | Reached skill level 1 in Slings
  2748 | D:4      | HP: 1/26 [poisoned by a worker ant]
  2749 | D:4      | Succumbed to a worker ant's poison

Action                   |  1- 3 |  4- 6 || total
-------------------------+-------+-------++-------
Melee: Dagger            |     3 |    92 ||    95
 Fire: Blowgun           |    38 |    17 ||    55
       Hunting sling     |       |    48 ||    48
  Use: Scroll            |     1 |       ||     1
 Stab: Sleeping          |    13 |    11 ||    24
       Distracted        |       |     1 ||     1
  Eat: Chunk             |       |     4 ||     4
       Fruit             |       |     1 ||     1
